 Dungeon Crawl Stone Soup version 0.29-a0-284-gf9362112df (webtiles) character file.

Game seed: 15730461062900436388

1682 drugrobin the Skirmisher (level 8, 0/70 (74) HPs)
             Began as a Demigod Fighter on Mar 18, 2022.
             Slain by a wight
             ... wielding a +5 falchion of freezing
              (2 damage)
             ... on level 6 of the Dungeon.
             The game lasted 00:16:25 (7384 turns).

drugrobin the Skirmisher (Demigod Fighter)          Turns: 7384, Time: 00:16:25

HP:   0/70 (74)     AC: 14    Str: 25    XL:     8   Next: 43%
MP:   10/10         EV:  6    Int: 10    God:
Gold: 277           SH:  0    Dex: 13    Spells: 7/7 levels left

rFire   . . .      SeeInvis .   a - +0 war axe
rCold   . . .      Faith    .   C - +0 buckler
rNeg    . . .      Spirit   .   L - +0 plate armour
rPois   +          Reflect  .   w - +2 helmet of Tataurpho {rPois}
rElec   .          Harm     .   (no cloak)
rCorr   +          Rampage  .   (no gloves)
Will    .....                   (no boots)
Stlth   ..........              (no amulet)
HPRegen 0.21/turn               k - ring of poison resistance
MPRegen 0.12/turn               v - ring of resist corrosion

@: confused, ambrosia-drunk, attractive, drained
A: high MP 1, forlorn, divine attributes
a: no special abilities


You were on level 6 of the Dungeon.
You visited 2 branches of the dungeon, and saw 9 of its levels.

You collected 277 gold pieces.

Inventory:

Hand Weapons
 a - a +0 war axe (weapon)
 c - a +2 dagger of venom
 d - a +2 dagger of draining
 e - a +0 hand axe
Missiles
 g - 48 stones (quivered)
 E - 2 throwing nets
 J - 6 poisoned darts
Armour
 m - a +0 kite shield
 w - the +2 helmet of Tataurpho (worn) {rPois}
   (You found it on level 3 of the Dungeon)

   rPois:     It protects you from poison.
 C - a +0 buckler (worn)
 L - a +0 plate armour (worn)
Magical Staves
 K - a staff of fire
Jewellery
 k - a ring of poison resistance (left hand)
 v - a ring of resist corrosion (right hand)
 B - a ring of ice
Wands
 y - a wand of flame (8)
 A - a wand of charming (5)
Scrolls
 f - a scroll of noise {unknown}
 h - a scroll of summoning {unknown}
 i - a scroll of amnesia {unknown}
 l - 2 scrolls of teleportation
 o - a scroll of fog {unknown}
 q - 3 scrolls of identify {unknown}
 r - a scroll of immolation {unknown}
 u - a scroll of blinking {unknown}
 x - a scroll of vulnerability {unknown}
 F - a scroll of fear {unknown}
 H - a scroll of holy word {unknown}
Potions
 b - 2 potions of ambrosia
 j - a potion of attraction
 n - a potion of brilliance {unknown}
 p - a potion of haste {unknown}
 s - 3 potions of curing {unknown}
 t - 2 potions of flight {unknown}
 z - 2 potions of heal wounds {unknown}
 D - a potion of might
 G - a potion of degeneration {unknown}
 I - a potion of cancellation {unknown}


   Skills:
 + Level 7.7 Fighting
 + Level 7.4 Axes
 - Level 2.6 Armour
 - Level 2.6 Shields


You had 7 spell levels left.
You didn't know any spells.
Your spell library contained the following spells:

 Spells                   Type           Power      Damage    Failure   Level
 Animate Skeleton         Necr           0%         N/A       100%        1
 Apportation              Tloc           0%         N/A       100%        1
 Pain                     Necr           0%         1d4       100%        1
 Sandblast                Erth           0%         2d4       100%        1
 Summon Small Mammal      Summ           0%         N/A       100%        1
 Passwall                 Tmut/Erth      0%         N/A       100%        2
 Scorch                   Fire           0%         2d5       100%        2
 Stone Arrow              Conj/Erth      0%         3d7       100%        3
 Vampiric Draining        Necr           0%         2d6       100%        3
 Flame Wave               Conj/Fire      0%         2d4       100%        4
 Olgreb's Toxic Radiance  Pois           0%         N/A       100%        4
 Summon Cactus Giant      Summ           0%         N/A       100%        6
 Ozocubu's Refrigeration  Ice            0%         4d5       100%        7
 Ignition                 Fire           0%         3d3       100%        8


Dungeon Overview and Level Annotations

Branches:
Dungeon (8/15)             Temple (1/1) D:4
   Lair: D:8-11


Innate Abilities, Weirdness & Mutations

You have an increased reservoir of magic. (+10% MP)
You shall have no god before yourself.
Your divine heritage dramatically boosts your attributes as you level up.


Message History

You closely miss the wight.
The wight hits you with a +5 falchion of freezing!
The wight freezes you.
You hit the wight.
The wight is lightly damaged.
You block the wight's attack.
You hit the wight but do no damage.
The wight is lightly damaged.
The wight hits you with a +5 falchion of freezing!
You feel drained. The wight freezes you.
* * * LOW HITPOINT WARNING * * *
Unknown command.
Unknown command.
It was a potion of ambrosia.
You are confused.
You feel invigorated. The wight hits you but does no damage.
You bump into the rock wall.
The wight hits you with a +5 falchion of freezing!
* * * LOW HITPOINT WARNING * * *
The wight freezes you.
* * * LOW HITPOINT WARNING * * *
Unknown command.
You bump into the rock wall.
The wight hits you with a +5 falchion of freezing!
* * * LOW HITPOINT WARNING * * *
The wight freezes you.
* * * LOW HITPOINT WARNING * * *
Unknown command.
Unknown command.
Okay, then.
Okay, then.
You are too confused!
Unknown command.
You are too confused!
It was a potion of attraction.
You feel attractive to monsters.
The wight hits you with a +5 falchion of freezing!
* * * LOW HITPOINT WARNING * * *
The wight freezes you.
You die...

#.......#.# #.#
#.#.#.#.#.# #.#
#.......#.# #.#
#.........# #.#
########..# #.# #..###)#
#...##.#
#...##.############
#.(...()z@........#
#.>.#############.# #...#
#.# #.).# #.# #...# #.#
#...########### #.#
###...........# #.#
##########...........# #.#
.....................###.#


You could see a wight.

Vanquished Creatures
  Prince Ribbit (D:6)
  Eustachio (D:6)
  An orc warrior (D:6)
  A sky beast (D:5)
  2 centaurs (D:6)
  2 scorpions
  3 necrophages
  A howler monkey (D:7)
  2 jellies
  4 hounds
  An orc priest (D:6)
  4 iguanas
  Ijyb (D:4)
  3 orc wizards
  A scorpion zombie (D:5)
  A hound zombie (D:5)
  9 gnolls
  3 adders
  2 white imps
  An ufetubus (D:5)
  A worm (D:2)
  2 dart slugs
  6 orcs
  10 ball pythons
  6 endoplasms
  3 giant cockroaches
  4 goblins
  3 hobgoblins
  10 kobolds
  3 quokkas
  6 bats
  4 frilled lizards
  4 rats
106 creatures vanquished.

Vanquished Creatures (others)
  2 demonic plants (D:2)
  3 fungi (D:2)
  A plant (D:2)
  A withered plant (D:2)
7 creatures vanquished.

Grand Total: 113 creatures vanquished

Notes
Turn   | Place    | Note
-------+----------+-------------------------------------------
     0 | D:1      | drugrobin the Demigod Fighter began the quest for the Orb.
     0 | D:1      | Reached XP level 1. HP: 18/18 MP: 3/3
   259 | D:2      | Reached XP level 2. HP: 26/26 MP: 4/4
   377 | D:2      | Reached XP level 3. HP: 27/31 MP: 5/5
  2040 | D:3      | Reached XP level 4. HP: 39/40 MP: 6/6
  2092 | D:3      | Identified the +2 helmet of Tataurpho {rPois}
  2573 | D:4      | Found a staircase to the Ecumenical Temple.
  2591 | Temple   | Entered the Ecumenical Temple
  2913 | D:4      | Noticed Ijyb
  3047 | D:5      | Entered Level 5 of the Dungeon
  3058 | D:5      | Reached XP level 5. HP: 41/46 MP: 7/7
  4170 | D:4      | Killed Ijyb
  4695 | D:5      | Reached skill level 5 in Fighting
  4695 | D:5      | Reached XP level 6. HP: 54/56 MP: 8/8
  4983 | D:5      | Reached skill level 5 in Axes
  5245 | D:4      | Reached XP level 7. HP: 40/62 MP: 9/9
  5766 | D:5      | You fall into a shaft and drop 3 floors!
  5767 | D:8      | fuck
  5771 | D:8      | Noticed a gargoyle
  6642 | D:6      | Reached XP level 8. HP: 54/71 MP: 10/10
  6649 | D:6      | Noticed Prince Ribbit
  6650 | D:6      | wtf
  6662 | D:6      | Killed Prince Ribbit
  6987 | D:6      | Noticed Eustachio
  7032 | D:6      | Killed Eustachio
  7237 | D:6      | i can has upstairs plz?
  7384 | D:6      | HP: 2/70 [wight/+5 falchion of freezing (11)]
  7384 | D:6      | Slain by a wight

Illustrated notes ##### #.>.# #...# #...# #...# #...# #@.# ##.# .# .# .# ## Turn 5767 on D:8: fuck ..... #.# #.#..# #.#.. #.# #.#..# ......#.# #.# #.#K#.#.# #.# ......#.# #.# ........# #.# ######..# #.# #..###.# #...##@# #...##.############ #....F.).[........# #.>.#############.# #...# #.# #.).# #.# #...# #.# #...# #.# ###.. #.# Turn 6650 on D:6: wtf

.#...#...#.######### #
............###.....##.#
.........'...o.)......>.
.........#.####.###.#...
.........#..# #)# #.#..#
.........##.###.# #.#..#
.........##..##.# #.#..#
.........###.##.# #.#).#
.......@.....##.# #.#..#
#######.#.#..##.# #.#..#
#.......#.# #.#
#.#.#.#.#.# #.#
#.......#.# #.#
#.........# #.#
########..# #.# #..###)#
#...##.#


Turn 7237 on D:6: i can has upstairs plz?

Levels and vault maps discovered:
D:1:      dpeg_arrival_round_c, layout_rooms, minivault_19, minmay_pentomino_x4
D:2:      layout_basic, shapermc_ecumenical_altar_gd
D:3:      layout_rooms, fedhas_altar_1
D:4:      layout_gridville, minmay_temple_entry_stoned_glass,
          hangedman_decor_peaks_small, uniq_ijyb
D:5:      layout_gridville, nicolae_qazlal_scattered_showers,
          lemuel_zombie_altar_yredelemnul, gammafunk_temple_overflow_claw,
          ebering_ghost_disaster_area, chequers_serial_rivers_micro_c,
          uniq_grinder
D:6:      layout_basic, nicolae_ru_path_of_blood, glass_columns_a,
          hangedman_feature_mirror, minmay_misc_feat_tiny,
          nicolae_elemental_shop, minmay_fractal_squares_diagonal_5,
          uniq_duvessa, uniq_eustachio, uniq_blork_the_orc, uniq_prince_ribbit1
D:7:      layout_basic
D:8:      minmay_thinvault, layout_rooms, mainiacjoe_overflow_surrounded_room,
          cheibrodos_worm_habitat, erik_lair_orcish_takeover,
          kennysheep_small_circle
Temple:   eino_wide_crystal_templ

Skill      XL: |  1  2  3  4  5  6  7  8 |
---------------+-------------------------+-----
Axes           | 2 3 4 5 6 7 |  7.4
Fighting       | 3 4 5 6 7 |  7.7
Armour         | |  2.6
Shields        | |  2.6

Action                   |  1- 3 |  4- 6 |  7- 9 || total
-------------------------+-------+-------+-------++-------
Melee: War axe           |    74 |   118 |    88 ||   280
       Dagger            |       |    73 |    49 ||   122
Throw: Stone             |    20 |     9 |     5 ||    34
       Dart              |       |       |     1 ||     1
Evoke: Wand              |       |     7 |    16 ||    23
  Use: Scroll            |       |       |     1 ||     1
       Potion            |       |       |     2 ||     2
Armor: Scale mail        |    33 |    24 |       ||    57
       Chain mail        |       |    71 |    61 ||   132
       Plate armour      |       |       |    57 ||    57
Dodge: Dodged            |    34 |    54 |    69 ||   157
Block: Buckler           |    16 |    43 |    32 ||    91

Table legend: (Time is in decaauts)
 A = Elapsed time spent in this place.
 B = Non-inter-level travel time spent in this place.
 C = Inter-level travel time spent in this place.
 D = Time resting spent in this place.
 E = Time spent auto-exploring this place.
 F = Levels seen in this place.
 G = Mean time per level.
                   A        B        C        D        E       F      G
               +--------+--------+--------+--------+--------+-----+--------+
         Total |   7485 |   7163 |    322 |   1967 |   3327 |   9 |  831.7 |
       Dungeon |   7434 |   7118 |    316 |   1967 |   3290 |   8 |  929.2 |
        Temple |     51 |     45 |      6 |      0 |     37 |   1 |   51.0 |
               +--------+--------+--------+--------+--------+-----+--------+

Top non-repeatable levels by time:
     D:2: 1659 daAuts
     D:4: 1603 daAuts
     D:6: 1162 daAuts
     D:1: 1032 daAuts
     D:5: 825 daAuts
     D:3: 682 daAuts
     D:7: 323 daAuts
     D:8: 145 daAuts
  Temple: 51 daAuts
